 Dungeon Crawl Stone Soup version 0.18-a0-1789-gbeff17f (webtiles) character file.

186 inmateoo the Chopper (level 5, -1/44 HPs)
             Began as a Hill Orc Fire Elementalist on Apr 21, 2016.
             Killed by nerve-wracking pain
             ... invoked by M4edhros's ghost
              (9 damage)
             ... on level 3 of the Dungeon.
             The game lasted 00:05:06 (3943 turns).

inmateoo the Chopper (Hill Orc Fire Elementalist)   Turns: 3943, Time: 00:05:07

Health: -1/44      AC: 10    Str: 12    XL:     5   Next: 66%
Magic:  7/7        EV:  9    Int: 15    God:
Gold:   135        SH:  0    Dex: 11    Spells: 0 memorised, 7 levels left

rFire  . . .     SeeInvis .     m - +0 hand axe
rCold  . . .     Gourm    .     n - +0 scale mail
rNeg   . . .     Faith    .     (no shield)
rPois  .         Spirit   .     f - +0 helmet
rElec  .         Dismiss  .     e - +2 cloak
rCorr  .         Reflect  .     (no gloves)
SustAt .         Harm     .     (no boots)
MR     .....                    (no amulet)
Stlth  ..........               (no ring)
                                (no ring)

@: not resistant to hostile enchantments, extremely unstealthy
A: no striking features
a: no special abilities


You were on level 3 of the Dungeon.
You were not hungry.

You visited 1 branch of the dungeon, and saw 4 of its levels.

You collected 135 gold pieces.

Inventory:

Hand Weapons
 a - a +0 mace
 g - a +0 whip
 m - a +0 hand axe (weapon)
Armour
 e - a +2 cloak (worn)
 f - a +0 helmet (worn)
 n - a +0 scale mail (worn)
Scrolls
 o - a scroll of teleportation
Potions
 d - a potion of cure mutation
 k - a potion of agility
 p - a potion of mutation {unknown}
 q - a potion of curing {unknown}
Books
 b - a book of Flames

   Spells                             Type                      Level
   a - Flame Tongue                   Conjuration/Fire             1
   b - Throw Flame                    Conjuration/Fire             2
   c - Conjure Flame                  Conjuration/Fire             3
   d - Inner Flame                    Hexes/Fire                   3
   e - Sticky Flame                   Conjuration/Fire             4
   f - Fireball                       Conjuration/Fire             5
Comestibles
 c - 3 bread rations
 h - 2 meat rations
 i - 6 fruits
 j - a slice of pizza
 l - a beef jerky
 r - a chunk of flesh


   Skills:
 + Level 2.8 Fighting
 * Level 4.4 Axes
 + Level 2.1 Armour
 - Level 2.1 Dodging
 - Level 1.5 Stealth
 - Level 1.5 Spellcasting
   Level 1.0 Conjurations
   Level 3.2 Fire Magic


You had 7 spell levels left.
You didn't know any spells.

Dungeon Overview and Level Annotations

Branches:
Dungeon (4/15)
 Temple: D:4-7

Altars:

Annotations:
D:3 M4edhros's ghost, weakling OpNe


Message History

M4edhros's ghost (weakling Octopode Necromancer) comes into view.
M4edhros's ghost turns its malevolent gaze towards you.
M4edhros's ghost casts a spell at you. Pain shoots through your body!
Found a rapier.
M4edhros's ghost is nearby!
M4edhros's ghost is nearby!
M4edhros's ghost is nearby!
Unknown command.
Press: ? - help, v - describe, . - travel
Here: M4edhros's ghost The floor.
Items here: ) [ †† a falchion; a ring mail; an orc corpse; a giant gecko corpse M4edhros's ghost casts a spell at you.
Pain shoots through your body!
* * * LOW HITPOINT WARNING * * *
M4edhros's ghost casts a spell at you. Pain shoots through your body!
You die...

..# #.# #.<....... #.# #.#
##..###### ##.# #.# ##.# ...#
##.## ##.##
...###...#####...### .# .#
...............#...# #.###.#
...###...#####...#.# .......
.........# ##.##.## ......#
.#####...#####>.@...###.......
..................#...........
..############...(..###.......
..# ##..###W)....# ..#
#####.#.###..## ..# #(.......#
..# ..# #)####.#.# ).# #.# #(#
#.#.# ..# #.# #.# #.#.# ..#


You could see M4edhros's ghost.

Vanquished Creatures
  An orc wizard (D:3)
  Robin (D:2)
  7 adders
  A worm (D:2)
  2 dart slugs (D:2)
  2 giant geckos
  6 orcs
  8 bats
  2 giant cockroaches (D:2)
  15 goblins
  8 hobgoblins
  3 jackals (D:2)
  3 kobolds
  A quokka (D:4)
  A ball python (D:2)
  2 giant newts
  5 rats
  A butterfly (D:4)
69 creatures vanquished.

Notes
Turn   | Place    | Note
--------------------------------------------------------------
     0 | D:1      | inmateoo the Hill Orc Fire Elementalist began the quest for the Orb.
     0 | D:1      | Reached XP level 1. HP: 14/14 MP: 3/3
   218 | D:1      | Reached skill level 1 in Fighting
   401 | D:1      | Reached XP level 2. HP: 23/23 MP: 4/4
   407 | D:1      | Reached skill level 1 in Axes
   875 | D:2      | Reached skill level 2 in Axes
   875 | D:2      | Reached XP level 3. HP: 16/28 MP: 5/5
  1331 | D:2      | Reached skill level 1 in Armour
  1730 | D:2      | Reached XP level 4. HP: 36/36 MP: 6/6
  2297 | D:3      | Reached skill level 3 in Axes
  2499 | D:3      | Noticed an ogre
  3033 | D:3      | Noticed Robin
  3038 | D:2      | Reached XP level 5. HP: 36/41 MP: 7/7
  3261 | D:2      | Killed Robin
  3261 | D:2      | Reached skill level 4 in Axes
  3937 | D:3      | Noticed M4edhros's ghost (weakling OpNe)
  3943 | D:3      | Killed from afar by M4edhros's ghost

Vault maps used:
D:1:      moated_graveyard_arrival
D:3:      minivault_23, uniq_robin
D:4:      nicolae_overflow_hidden_temple, minmay_temple_entry_butterflies,
          first_bread, minivault_5, wad_floor_pattern_1

Skill      XL: |  1  2  3  4  5 |
---------------+----------------+-----
Fighting       | 1 2 |  2.8
Axes           | 2 3 4 |  4.4
Armour         | 1 2 |  2.1
Dodging        | 2 |  2.1
Stealth        | |  1.5
Spellcasting   | |  1.5
Conjurations   | |  1.0
Fire Magic     | |  3.2

Action                   |  1- 3 |  4- 6 || total
-------------------------+-------+-------++-------
Melee: Whip              |    13 |       ||    13
       Hand axe          |   127 |   198 ||   325
 Cast: Flame Tongue      |     1 |       ||     1
  Use: Scroll            |     3 |     3 ||     6
       Potion            |     2 |       ||     2
  Eat: Chunk             |     3 |     7 ||    10
Armor: Ring mail         |    12 |       ||    12
       Scale mail        |    72 |   122 ||   194
Dodge: Dodged            |    98 |   109 ||   207
